 Dungeon Crawl Stone Soup version 0.31-a0-662-g684573625c (webtiles) character file.

Game seed: 11924469809540404966

46 Maratek the Shield-Bearer (level 3, -4/35 HPs)
             Began as a Gnoll Fighter on Sept 1, 2023.
             Slain by Crazy Yiuf
             ... wielding a +2 quarterstaff of chaos
              (12 damage)
             ... on level 2 of the Dungeon.
             The game lasted 00:01:09 (1879 turns).

Maratek the Shield-Bearer (Gnoll Fighter)           Turns: 1879, Time: 00:01:10

Health: -4/35      AC:  7    Str: 17    XL:     3   Next: 68%
Magic:  4/4        EV:  9    Int:  7    God:
Gold:   145        SH:  5    Dex: 11    Spells: 3/3 levels left

rFire   + . .        a - +0 war axe
rCold   + . .        c - +0 buckler
rNeg    . . .        b - +0 scale mail
rPois   +            (no helmet)
rElec   +            (no cloak)
rCorr   +            (no gloves)
SInv    .            (no boots)
Will    .....        (no amulet) Stlth
                     (no ring)
HPRegen 0.25/turn    (no ring)
MPRegen 0.09/turn

%: no passive effects
@: resistant
A: fangs 1, strong nose, distributed training
a: no special abilities


You were on level 2 of the Dungeon.
You visited 1 branch of the dungeon, and saw 2 of its levels.

You collected 145 gold pieces.

Inventory:

Hand Weapons
 a - a +0 war axe (weapon)
Armour
 b - a +0 scale mail (worn)
 c - a +0 buckler (worn)
Scrolls
 g - a scroll of poison {unknown}
 h - 4 scrolls of identify {unknown}
 m - a scroll of fear {unknown}
 n - a scroll of revelation {unknown}
 o - a scroll of vulnerability {unknown}
 p - a scroll of fog {unknown}
Potions
 d - 2 potions of might
 e - a potion of heal wounds {unknown}
 f - a potion of curing {unknown}
 i - a potion of brilliance {unknown}
 j - a potion of enlightenment {unknown}
 k - a potion of mutation {unknown}
 l - a potion of attraction {unknown}


   Skills:
 + Level 6.5 Fighting
 + Level 0.9 Short Blades
 + Level 0.9 Long Blades
 + Level 4.5 Axes
 + Level 0.9 Maces & Flails
 + Level 0.9 Polearms
 + Level 0.9 Staves
 + Level 0.9 Ranged Weapons
 + Level 0.9 Throwing
 + Level 6.5 Armour
 + Level 0.9 Dodging
 + Level 0.9 Stealth
 + Level 6.5 Shields
 + Level 0.9 Unarmed Combat
 + Level 0.9 Spellcasting
 + Level 0.6 Conjurations
 + Level 0.6 Hexes
 + Level 0.6 Summonings
 + Level 0.6 Necromancy
 + Level 0.6 Translocations
 + Level 0.6 Transmutations
 + Level 0.6 Fire Magic
 + Level 0.6 Ice Magic
 + Level 0.6 Air Magic
 + Level 0.6 Earth Magic
 + Level 0.6 Poison Magic
 + Level 1.0 Invocations
 + Level 0.9 Evocations
 + Level 0.7 Shapeshifting


You had 3 spell levels left.
You didn't know any spells.
Your spell library contained the following spells:

 Spells                   Type           Power      Damage    Failure   Level
 Inner Flame              Hex/Fire       1%         N/A       98%         3
 Yara's Violent Unravell  Hex/Tmut       0%         3d3       100%        5
 Enfeeble                 Hex            0%         N/A       100%        7


Dungeon Overview and Level Annotations

Branches:
Dungeon (2/15)

Altars:

Annotations:
D:2 Crazy Yiuf


Innate Abilities, Weirdness & Mutations

You have very sharp teeth.
Your uncanny sense of smell can sniff out nearby items.
Your experience applies equally to all skills.


Message History

No target in view!
No target in view!
You see here a hobgoblin corpse.
o - a scroll labelled MEUNTO UTUXTUI
There is a stone staircase leading up here.
Found a stone staircase leading down.
There is a stone staircase leading down here.
p - a scroll labelled ZUALLAI TIOVOXT You now have 145 gold pieces (gained 7).
Found a hammer.
Found a runed translucent door.
Crazy Yiuf shouts!
You see here 2 stones.
Found a stone staircase leading down.
You see here 2 stones.
Crazy Yiuf shouts!
You open the door.
Crazy Yiuf laughs, "Goober!
Mountain wrapper poople."
You slash Crazy Yiuf! Your bite misses Crazy Yiuf.
Crazy Yiuf is moderately wounded.
You block Crazy Yiuf's attack.
Crazy Yiuf hits you with a +2 quarterstaff of chaos!
You are electrocuted!
You barely miss Crazy Yiuf.
Crazy Yiuf is moderately wounded.
Crazy Yiuf hits you with a +2 quarterstaff of chaos!
* * * LOW HITPOINT WARNING * * *
You hit Crazy Yiuf but do no damage. You bite Crazy Yiuf, but do no damage.
Crazy Yiuf is moderately wounded.
You block Crazy Yiuf's attack.
You barely miss Crazy Yiuf. You bite Crazy Yiuf, but do no damage.
Crazy Yiuf is moderately wounded.
Crazy Yiuf says, "Tonal canine sanguine!"
Crazy Yiuf hits you with a +2 quarterstaff of chaos.
* * * LOW HITPOINT WARNING * * *
You feel protected.
You barely miss Crazy Yiuf.
Crazy Yiuf is moderately wounded.
Crazy Yiuf grits, "Hah cower alas!"
Crazy Yiuf hits you with a +2 quarterstaff of chaos!
You die...

########## .........#
.#####.#.# ## #.#.# #.###
### ###### ##.# #)..###
##....## #####..#
#...g@####PP....# .......#
#...##..#.......# #####..#
### ###.#....#.# # #..#
#######..# #####..# #.##
>..##..# ######## ### ##.#
##.##..###.#.##.###.####..#
#.##.....###....##......##
##.##.####.#.##..##.######


You could see Crazy Yiuf.

Vanquished Creatures
  2 adders (D:2)
  2 bats (D:1)
  3 endoplasms (D:1)
  A giant cockroach (D:1)
  5 goblins
  3 hobgoblins
  A quokka (D:2)
  2 ball pythons (D:1)
  2 frilled lizards (D:1)
  2 kobolds
  5 rats
28 creatures vanquished.

Notes
Turn   | Place    | Note
-------+----------+-------------------------------------------
     0 | D:1      | Maratek the Gnoll Fighter began the quest for the Orb.
     0 | D:1      | Reached XP level 1. HP: 23/23 MP: 1/1
   218 | D:1      | Reached XP level 2. HP: 29/29 MP: 2/2
  1143 | D:2      | Reached XP level 3. HP: 31/35 MP: 3/3
  1298 | D:2      | Reached skill level 1 in Invocations
  1696 | D:2      | Found a runed translucent door.
  1697 | D:2      | Noticed Crazy Yiuf
  1879 | D:2      | Slain by Crazy Yiuf

Illustrated notes

Levels and vault maps discovered:
D:1:      dpeg_arrival_circle_labyrinth_c, layout_basic
D:2:      layout_loops_ring, uniq_crazy_yiuf_cottage

Skill      XL: |  1  2  3 |
---------------+----------+-----
Invocations    | 1 |  1.0
Fighting       | |  6.5
Short Blades   | |  0.9
Long Blades    | |  0.9
Axes           | |  4.5
Maces & Flails | |  0.9
Polearms       | |  0.9
Staves         | |  0.9
Ranged Weapons | |  0.9
Throwing       | |  0.9
Armour         | |  6.5
Dodging        | |  0.9
Stealth        | |  0.9
Shields        | |  6.5
Unarmed Combat | |  0.9
Spellcasting   | |  0.9
Conjurations   | |  0.6
Hexes          | |  0.6
Summonings     | |  0.6
Necromancy     | |  0.6
Translocations | |  0.6
Transmutations | |  0.6
Fire Magic     | |  0.6
Ice Magic      | |  0.6
Air Magic      | |  0.6
Earth Magic    | |  0.6
Poison Magic   | |  0.6
Evocations     | |  0.9
Shapeshifting  | |  0.7

Action                     || total
---------------------------++-------
  Melee: War axe           ||    81
         Bite              ||     6
 Armour: Scale mail        ||    40
  Dodge: Dodged            ||    35
  Block: Buckler           ||    25

Table legend: (Time is in decaauts)
 A = Elapsed time spent in this place.
 B = Non-inter-level travel time spent in this place.
 C = Inter-level travel time spent in this place.
 D = Time resting spent in this place.
 E = Time spent auto-exploring this place.
 F = Levels seen in this place.
 G = Mean time per level.
                   A        B        C        D        E       F      G
               +--------+--------+--------+--------+--------+-----+--------+
         Total |   1903 |   1821 |     82 |      0 |   1609 |   2 |  951.5 |
       Dungeon |   1903 |   1821 |     82 |      0 |   1609 |   2 |  951.5 |
               +--------+--------+--------+--------+--------+-----+--------+

Top non-repeatable levels by time:
     D:1: 1065 daAuts
     D:2: 838 daAuts
